 Dungeon Crawl Stone Soup version 0.31-a0-233-g139696dc86 (webtiles) character file.

Game seed: 5502171735423608586

272 reriks the Firebug (level 6, 0/32 HPs)
             Began as a Gargoyle Fire Elementalist on July 8, 2023.
             Slain by an orc wizard
             ... wielding a +1 mace of protection
              (5 damage)
             ... on level 4 of the Dungeon.
             The game lasted 00:06:18 (5495 turns).

reriks the Firebug (Gargoyle Fire Elementalist)     Turns: 5495, Time: 00:06:19

Health: 0/32       AC:  7    Str: 12    XL:     6   Next: 23%
Magic:  8/10       EV: 17    Int: 17    God:
Gold:   272        SH:  5    Dex: 10    Spells: 5/11 levels left

rFire   . . .        l - +0 mace
rCold   . . .        (no shield)
rNeg    + . .        a - +0 robe
rPois   ∞            (no helmet)
rElec   +            (no cloak)
rCorr   .            (no gloves)
SInv    .            d - +0 pair of boots
Will    .....        h - amulet of reflection
Stlth   ++           r - +5 ring of evasion
HPRegen 0.25/turn    (no ring)
MPRegen 0.12/turn

%: reflection
@: no status effects
A: sickness immunity, AC +4, negative energy resistance 1, electricity
resistance, torment resistance 1, petrification resistance
a: no special abilities


You were on level 4 of the Dungeon.
You visited 2 branches of the dungeon, and saw 5 of its levels.

You collected 272 gold pieces.

Inventory:

Hand Weapons
 c - a +0 short sword
 l - a +0 mace (weapon)
 t - a +1 sling of draining
Armour
 a - a +0 robe (worn)
 d - a +0 pair of boots (worn)
 u - an orb of mayhem
Jewellery
 h - an amulet of reflection (around neck)
 k - an amulet of the acrobat
 r - a +5 ring of evasion (left hand)
Scrolls
 e - a scroll of fear {unknown}
 i - a scroll of poison {unknown}
 j - a scroll of fog {unknown}
 n - a scroll of brand weapon {unknown}
 s - 2 scrolls of teleportation {unknown}
 w - a scroll of vulnerability {unknown}
Potions
 f - a potion of cancellation {unknown}
 g - a potion of heal wounds {unknown}
 m - a potion of ambrosia {unknown}
 o - a potion of mutation {unknown}
 p - a potion of attraction {unknown}
 q - a potion of curing {unknown}
 v - a potion of lignification {unknown}


   Skills:
 + Level 2.7 Dodging
 + Level 3.9 Stealth
 + Level 3.0 Spellcasting
 + Level 3.0 Conjurations
 + Level 4.0 Fire Magic


You had 5 spell levels left.
You knew the following spells:

 Your Spells              Type           Power      Damage    Failure   Level
a - Foxfire               Conj/Fire      56%        2x1d6     4%          1
b - Scorch                Fire           32%        2d6       4%          2
c - Inner Flame           Hex/Fire       9%         N/A       22%         3

Your spell library contained the following spells:

 Spells                   Type           Power      Damage    Failure   Level
 Magic Dart               Conj           48%        1d5       4%          1
 Volatile Blastmotes      Fire/Tloc      18%        2d11      22%         3
 Call Imp                 Summ           4%         N/A       26%         2
 Mephitic Cloud           Conj/Pois/Air  6%         N/A       34%         3
 Flame Wave               Conj/Fire      14%        2d6       38%         4


Dungeon Overview and Level Annotations

Branches:
Dungeon (4/15)             Temple (1/1) D:4

Altars:
Ashenzari
Cheibriados
Dithmenos
Elyvilon
Fedhas
Gozag
Hepliaklqana
Makhleb
Nemelex Xobeh
Okawaru
Qazlal
Ru
Trog
Wu Jian
Xom
Zin

Shops:
D:1 !

Annotations:
D:3 Terence


Innate Abilities, Weirdness & Mutations

You are immune to sickness and miasma.
Your stone body is resilient. (AC +4)
You are immune to poison.
You resist negative energy. (rN+)
You are resistant to electric shocks. (rElec)
You are resistant to unholy torment.
You are immune to petrification.


Message History

Confirm with . or Enter, or press ? or * to list all spells.
You conjure some foxfire!
You block the orc wizard's attack.
The foxfire hits the orc.
The orc is almost dead.
The foxfire hits the orc wizard but does no damage.
The orc wizard is heavily wounded.
The orc wizard hits you with a +1 mace of protection.
An orc priest comes into view. It is wielding a +0 hand axe.
Casting: Foxfire (safe; 4% risk of failure)
Confirm with . or Enter, or press ? or * to list all spells.
You conjure some foxfire!
The orc wizard barely misses you.
The foxfire hits the orc.
The orc is lightly wounded.
The orc hits you with a +0 mace.
The foxfire hits the orc wizard but does no damage.
The orc wizard is heavily wounded.
You block the orc's attack.
Casting: Foxfire (safe; 4% risk of failure)
Confirm with . or Enter, or press ? or * to list all spells.
You conjure some foxfire!
The orc wizard closely misses you. The orc hits you with a +0 short sword.
The orc misses you.
The orc priest invokes the aid of Beogh against you.
Beogh smites you!
* * * LOW HITPOINT WARNING * * *
The foxfire hits the orc wizard but does no damage.
The orc wizard is heavily wounded.
The orc barely misses you. You block the orc's attack.
The orc wizard closely misses you.
Unknown command.
Okay, then.
Magic courses through your body.
The orc wizard hits you with a +1 mace of protection.
* * * LOW HITPOINT WARNING * * *
The orc misses you. x2
The orc priest hits you but does no damage.
Casting: Foxfire (safe; 4% risk of failure)
Confirm with . or Enter, or press ? or * to list all spells.
Flames lash the orc but do no damage.
The orc wizard hits you with a +1 mace of protection.
You die...

......# .)... .... o.#
#o# ##.# ##..####
#.....o## ##.....o@#
#.......oo##
#...........##
..............#########
......................#
........#.##..#.##.##.##
........#.....#........#
.........##....#.##..#
.....##....##.#.....####


You could see an orc priest, an orc wizard and 2 orcs.

Vanquished Creatures
  A howler monkey (D:3)
  3 hounds (D:4)
  7 adders
  A shadow imp (D:4)
  3 orcs (D:3)
  11 ball pythons
  8 endoplasms
  3 giant cockroaches
  4 hobgoblins
  5 quokkas
  7 bats
  4 frilled lizards
  9 goblins
  7 kobolds
  5 rats
78 creatures vanquished.

Vanquished Creatures (collateral kills)
  5 foxfires (D:1)
5 creatures vanquished.

Vanquished Creatures (others)
  316 foxfires
316 creatures vanquished.

Grand Total: 399 creatures vanquished

Notes
Turn   | Place    | Note
-------+----------+-------------------------------------------
     0 | D:1      | reriks the Gargoyle Fire Elementalist began the quest for
                  | the Orb.
     0 | D:1      | Reached XP level 1. HP: 10/10 MP: 3/3
    53 | D:1      | Found Vatenuuc's Distillery.
   355 | D:1      | Reached XP level 2. HP: 15/15 MP: 0/5
   817 | D:1      | Found a faded altar of an unknown god.
  1720 | D:2      | Reached XP level 3. HP: 19/19 MP: 3/6
  2279 | D:2      | Reached XP level 4. HP: 23/24 MP: 2/7
  3032 | D:2      | Learned a level 2 spell: Scorch
  3036 | D:2      | Learned a level 3 spell: Inner Flame
  3252 | D:3      | Found a blossoming altar of Fedhas.
  3473 | D:3      | Found a sacrificial altar of Ru.
  4004 | D:3      | Reached XP level 5. HP: 27/28 MP: 3/9
  4072 | D:3      | Noticed Terence
  5224 | D:4      | Reached XP level 6. HP: 32/32 MP: 6/10
  5302 | D:4      | Found a staircase to the Ecumenical Temple.
  5317 | D:4      | Reached skill level 4 in Fire Magic
  5361 | Temple   | Entered the Ecumenical Temple
  5495 | D:4      | Slain by an orc wizard

Illustrated notes

Levels and vault maps discovered:
D:1:      nicolae_arrival_memento_mori, layout_loops_corners,
          dreamdust_ecumenical_altar_sealed_demon, serial_shops, shop,
          minmay_gold_behind_fungi
D:2:      layout_basic, roderic_lattice_a, grunt_ministairs_12, moated_statue
D:3:      layout_basic, mainiacjoe_overflow_brackets,
          mainiacjoe_overflow_catwalk, kennysheep_decorative_pillar,
          uniq_terence
D:4:      layout_cave_pods, minmay_temple_entry_ruins
Temple:   compressed_dpeg_circular_temple

Skill      XL: |  1  2  3  4  5  6 |
---------------+-------------------+-----
Dodging        | 2 |  2.7
Conjurations   | 2 3 |  3.0
Stealth        | 3 |  3.9
Spellcasting   | 3 |  3.0
Fire Magic     | 4 |  4.0

Action                     |  1- 3 |  4- 6 || total
---------------------------+-------+-------++-------
  Melee: Short sword       |     4 |       ||     4
         Mace              |       |     1 ||     1
   Cast: Foxfire           |    78 |   107 ||   185
         Scorch            |       |     4 ||     4
    Use: Potion            |       |     1 ||     1
 Armour: Robe              |    11 |    12 ||    23
  Dodge: Dodged            |    14 |    51 ||    65
  Block: Other             |       |    12 ||    12
         Orb               |       |     5 ||     5
         Reflection        |       |     1 ||     1

Table legend: (Time is in decaauts)
 A = Elapsed time spent in this place.
 B = Non-inter-level travel time spent in this place.
 C = Inter-level travel time spent in this place.
 D = Time resting spent in this place.
 E = Time spent auto-exploring this place.
 F = Levels seen in this place.
 G = Mean time per level.
                   A        B        C        D        E       F      G
               +--------+--------+--------+--------+--------+-----+--------+
         Total |   5494 |   5348 |    146 |   1524 |   3052 |   5 | 1098.8 |
       Dungeon |   5398 |   5266 |    132 |   1524 |   2990 |   4 | 1349.5 |
        Temple |     95 |     81 |     14 |      0 |     62 |   1 |   95.0 |
               +--------+--------+--------+--------+--------+-----+--------+

Top non-repeatable levels by time:
     D:1: 1707 daAuts
     D:3: 1658 daAuts
     D:2: 1413 daAuts
     D:4: 619 daAuts
  Temple: 95 daAuts
